 Dungeon Crawl Stone Soup version 0.28.0-1-gb440e238dd (webtiles) character file.

Game seed: 5312320360627307476

79 Strat the Caller (level 4, -3/36 HPs)
             Began as a Ghoul Summoner on Feb 20, 2022.
             Was a Priest of Lugonu.
             Shot with an arrow by a centaur (8 damage)
             ... on level 4 of the Dungeon.
             The game lasted 00:04:59 (2302 turns).

Strat the Caller (Ghoul Summoner)                   Turns: 2302, Time: 00:05:00

Health: -3/36      AC:  5    Str: 13    XL:     4   Next: 37%
Magic:  5/5        EV: 10    Int: 10    God:    Lugonu [***...]
Gold:   84         SH:  0    Dex:  9    Spells: 3/6 levels left

rFire   . . .      SeeInvis .   b - +1 hunting sling
rCold   + . .      Faith    .   (no shield)
rNeg    + + +      Spirit   .   f - +0 ring mail
rPois   ∞          Reflect  .   (no helmet)
rElec   .          Harm     .   (no cloak)
rCorr   .          Rampage  .   (no gloves)
Will    .....                   (no boots)
Stlth   +.........              (no amulet)
HPRegen 0.00/turn               (no ring)
MPRegen 0.09/turn               (no ring)

@: inhibited regen
A: claws 1, cold resistance 1, negative energy resistance 3, inhibited
regeneration, torment resistance 2
a: Renounce Religion, Depart the Abyss, Bend Space, Banish


You were on level 4 of the Dungeon.
You worshipped Lugonu.
Lugonu was most pleased with you.
You visited 1 branch of the dungeon, and saw 4 of its levels.

You collected 84 gold pieces.

Inventory:

Hand Weapons
 b - a +1 hunting sling (weapon)
Missiles
 h - 2 poisoned darts
 m - 55 stones (quivered ammo)
Armour
 a - a +0 robe
 f - a +0 ring mail (worn)
Jewellery
 k - a ring of resist corrosion
Scrolls
 c - a scroll of enchant weapon
 e - a scroll of identify {unknown}
 i - a scroll of brand weapon {unknown}
Potions
 d - 2 potions of curing {unknown}
 g - a potion of might {unknown}
 j - 2 potions of flight {unknown}
 l - 2 potions of brilliance {unknown}


   Skills:
 - Level 2.0 Fighting
 - Level 1.7 Dodging
 - Level 2.1 Stealth
 + Level 3.5 Unarmed Combat
 - Level 1.7 Spellcasting
 - Level 3.6 Summonings


You had 3 spell levels left.
You knew the following spells:

 Your Spells              Type           Power      Damage    Failure   Level
a - Summon Small Mammal   Summ           32%        N/A       16%         1
b - Call Imp              Summ           8%         N/A       24%         2

Your spell library contained the following spells:

 Spells                   Type           Power      Damage    Failure   Level
 Call Canine Familiar     Summ           8%         N/A       43%         3
 Pain                     Necr           0%         1d4       56%         1
 Summon Guardian Golem    Hex/Summ       4%         N/A       71%         3
 Summon Lightning Spire   Summ/Air       4%         N/A       98%         4
 Agony                    Necr           0%         N/A       100%        5
 Excruciating Wounds      Necr           0%         N/A       100%        5


Dungeon Overview and Level Annotations

Branches:
Dungeon (4/15)             Temple (0/1) D:4

Altars:
Lugonu


Innate Abilities, Weirdness & Mutations

You thrive by killing the living.
You are immune to poison.
You have sharp fingernails.
Your flesh is cold resistant. (rC+)
You are immune to negative energy. (rN+++)
You do not regenerate when monsters are visible.
You are immune to unholy pain and torment.


Message History

The kobold is severely wounded.
The kobold hits you but does no damage.
You barely miss the kobold.
The kobold is severely wounded.
The kobold closely misses you.
You claw the kobold!
You kill the kobold!
Lugonu accepts your kill.
You feel better.
Things that are here:
a +0 club; a +0 short sword; a +0 chain mail You start resting.
HP restored.
There is a stone staircase leading up here.
You see here a +0 hunting sling.
m - a +0 hunting sling Adjust (i)tems, (s)pells, or (a)bilities?
m - a +0 hunting sling Adjust to which letter? (? for menu, Esc to quit)
b - a +0 hunting sling;
m - 55 stones
b - a +0 hunting sling (weapon)
c - 2 scrolls labelled HALLEA MYVVU (gained 1)
Found a staircase to the Ecumenical Temple.
A scorpion comes into view.
A centaur comes into view.
The centaur shouts!
The centaur wields a +0 shortbow.
The centaur shoots an arrow.
The arrow hits you!
The centaur shoots an arrow.
The arrow hits you!
* * * LOW HITPOINT WARNING * * *
The centaur shoots an arrow.
The arrow hits you.
* * * LOW HITPOINT WARNING * * *
The centaur shoots an arrow.
The arrow barely misses you.
As you read the scroll labelled HALLEA MYVVU, it crumbles to dust.
It is a scroll of enchant weapon.
Your +0 hunting sling glows red for a moment.
The centaur shoots an arrow.
The arrow hits you!
* * * LOW HITPOINT WARNING * * *
The centaur shoots an arrow.
The arrow hits you!
You die...

####.#..# .. ..#
###.......###
.####.##
#......#.....
....c..
#.#.##.#.....
.....
#.#.......... ....
#.#.##.#..... ..#
#.#.##.#..... #.#
#.........### #@#
###.##.#### #.#
#.##.#
#.######.##.####
#..............#
########.....#.###
##.##......
#.####.###
#.####.# #......#


You could see a centaur.

Vanquished Creatures
  A gnoll (D:1)
  2 adders
  2 orcs
  5 endoplasms
  3 goblins
  4 hobgoblins
  5 quokkas
  8 ball pythons
  4 frilled lizards
  4 kobolds
  7 rats
45 creatures vanquished.

Vanquished Creatures (collateral kills)
  A worm (D:2)
1 creature vanquished.

Grand Total: 46 creatures vanquished

Notes
Turn   | Place    | Note
-------+----------+-------------------------------------------
     0 | D:1      | Strat the Ghoul Summoner began the quest for the Orb.
     0 | D:1      | Reached XP level 1. HP: 14/14 MP: 2/2
    22 | D:1      | Found a faded altar of an unknown god.
   302 | D:1      | Reached skill level 1 in Fighting
   302 | D:1      | Reached skill level 1 in Unarmed Combat
   352 | D:1      | Prayed at the altar of an unknown god.
   352 | D:1      | Became a worshipper of Lugonu the Unformed
   352 | D:1      | Reached * piety under Lugonu
   352 | D:1      | Reached ** piety under Lugonu
   371 | D:1      | Reached XP level 2. HP: 22/23 MP: 3/3
   477 | D:1      | Learned a level 2 spell: Call Imp
   902 | D:2      | Reached XP level 3. HP: 26/29 MP: 4/4
  1343 | D:2      | Reached *** piety under Lugonu
  1351 | D:2      | Reached XP level 4. HP: 24/36 MP: 3/5
  2273 | D:4      | Found a staircase to the Ecumenical Temple.
  2276 | D:4      | Noticed a scorpion
  2299 | D:4      | Noticed a centaur
  2302 | D:4      | Shot with an arrow by a centaur

Illustrated notes

Levels and vault maps discovered:
D:1:      minmay_arrival_open_corners, layout_basic,
          chequers_ecumenical_altar_simple_redux, minmay_misc_feat_columns
D:2:      layout_rooms, moated_statue, bh_walls_and_bars
D:3:      layout_rooms
D:4:      layout_loops_cross, nicolae_overflow_squiral,
          minmay_temple_entry_large_hall

Skill      XL: |  1  2  3 |
---------------+----------+-----
Fighting       | 1 2 |  2.0
Unarmed Combat | 1 3 |  3.5
Dodging        | |  1.7
Stealth        | |  2.1
Spellcasting   | |  1.7
Summonings     | |  3.6

Action                   |  1- 3 |  4- 6 || total
-------------------------+-------+-------++-------
Melee: Unarmed           |   112 |    53 ||   165
       Punch             |     2 |       ||     2
 Cast: Summon Small Mamm |     5 |     3 ||     8
  Use: Scroll            |       |     1 ||     1
 Stab: Distracted        |     1 |     1 ||     2
       Sleeping          |     1 |       ||     1
Armor: Robe              |     6 |       ||     6
       Ring mail         |    30 |    28 ||    58
Dodge: Dodged            |    73 |    31 ||   104
